AoeStats
← timdeclercq55

Highland

503885576Analyzed
2v2 RM · 1mo ago on Sep 2, 2026· 36m 18s· 4 players
Game mode
Random Map
Map size
Medium (4 player)
Population
200
Speed
Normal
Resources
Standard
Victory
Conquest
Starting age
Dark Age
Ending age
Imperial Age
RankedLock teamsTeams togetherTeam positionsShared explorationLock speedFull tech treeHidden civsTurbo modeCheats
Victory
Defeat
🇧🇪 Shu · Belgium
1002
+15
🇧🇪 Armenians · Belgium
893
+20
🇷🇴 Saracens · Romania
1004
-19
🇩🇪 Tatars · Germany
975
-17
B0nzo53
7:07 Loom
9:46 Feudal Age
10:49 Double-Bit Axe
17:13 Wheelbarrow
19:24 Fletching
21:49 Castle Age
19:51 Gold Mining
20:02 Padded Archer Armor
19:53 Horse Collar
21:52 Crossbowman
22:38 Thumb Ring
23:09 Bodkin Arrow
27:10 Bow Saw
29:20 Heavy Plow
33:36 Gold Shaft Mining
timdeclercq55
12:18 Feudal Age
10:49 Loom
12:22 Man-at-Arms
12:48 Arson
13:25 Double-Bit Axe
14:49 Town Watch
15:42 Long Swordsman
19:15 Fishing Lines
26:57 Castle Age
25:36 Scale Mail Armor
25:47 Forging
27:33 Gambesons
28:42 Chain Mail Armor
28:32 Squires
29:18 Bow Saw
28:59 Gold Mining
29:00 Stone Mining
29:39 Two-Handed Swordsman
30:37 Pikeman
32:38 Halberdier
35:04 Iron Casting
35:46 Town Patrol
36:22 Wheelbarrow
grigore.marinica
11:55 Feudal Age
12:44 Double-Bit Axe
15:29 Loom
18:22 Castle Age
16:41 Horse Collar
17:11 Gold Mining
18:58 Fletching
25:08 Stone Mining
34:32 Scale Mail Armor
34:50 Heavy Plow
Bodom
5:39 Loom
10:33 Feudal Age
11:31 Double-Bit Axe
12:54 Horse Collar
20:02 Castle Age
20:12 Forging
20:08 Scale Barding Armor
20:14 Light Cavalry
22:31 Bloodlines
22:23 Husbandry
28:41 Iron Casting
29:16 Bow Saw
29:11 Heavy Plow
35:02 Gold Mining
Connection lost

Rejoining the realm…

Still unreachable

The connection could not be restored.

Session expired

The server has moved on; the page needs a fresh start.